NCAA
GEORGETOWN HOYAS @ NORTH CAROLINA STATE WOLFPACK
04/16/2030
 
TOP OF THE 1ST
Georgetown Hoyas batting - Pitching for North Carolina State Wolfpack : RHP Chris Crews
Pitching: RHP Chris Crews
Batting: SHB Luis Garza 0-0: Ball
1-0: Called Strike
1-1: Ground out 6-3 (Groundball, 6)
Batting: RHB Vicente Correa 0-0: Ball
1-0: Called Strike
1-1: Foul Ball, location: 2F
1-2: Ball
2-2: Ball
3-2: Base on Balls
Batting: LHB Robert Lucas 0-0: Ball
1-0: Ball
2-0: Ball
3-0: Called Strike
3-1: Base on Balls
Vicente Correa to second
Batting: LHB Boyd Boone 0-0: Called Strike
0-1: Foul Ball, location: 2F
0-2: Foul Ball, location: 2F
0-2: Ball
1-2: SINGLE (Flyball, 8RS)
Vicente Correa to third
Robert Lucas to second
Runner from 3rd tries for Home, SAFE, no throw
Batting: RHB Ben Bradley 0-0: Ball
1-0: Ball
2-0: Grounds into double play, 4-6-3 (Groundball, 4M)
Top of the 1st over - 1 run, 1 hit, 0 errors, 1 left on base; Georgetown 1 - North Carolina State 0
BOTTOM OF THE 1ST
North Carolina State Wolfpack batting - Pitching for Georgetown Hoyas : LHP Gilbert Robinson
Pitching: LHP Gilbert Robinson
Batting: LHB Steven Gregory 0-0: Called Strike
0-1: Called Strike
0-2: Strikes out swinging
Batting: LHB Nick Henderson 0-0: Foul Ball, location: 2F
0-1: Ball
1-1: Foul Ball, location: 2F
1-2: Foul Ball, location: 2F
1-2: SINGLE (Line Drive, 6MD)
Batting: RHB Ronald McMillan 0-0: Ball
1-0: Ball
Nick Henderson is caught stealing 2nd base
2-0: Called Strike
2-1: Ball
3-1: Called Strike
3-2: Strikes out swinging
Bottom of the 1st over - 0 runs, 1 hit, 0 errors, 0 left on base; Georgetown 1 - North Carolina State 0
TOP OF THE 2ND
Georgetown Hoyas batting - Pitching for North Carolina State Wolfpack : RHP Chris Crews
Batting: LHB Howard Pedrasa 0-0: Swinging Strike
0-1: Ball
1-1: Swinging Strike
1-2: Ball
2-2: Ball
3-2: Strikes out swinging
Batting: RHB Andrew Wolf 0-0: Ball
1-0: Called Strike
1-1: Ball
2-1: Foul Ball, location: 2F
2-2: SOLO HOME RUN (Flyball, 7D), Distance : 365 ft
Batting: LHB Doug Reed 0-0: Called Strike
0-1: Foul Ball, location: 2F
0-2: Ball
1-2: Foul Ball, location: 2F
1-2: Ball
2-2: Ball
3-2: SINGLE (Flyball, 7LS)
Batting: SHB Tommy Goodman 0-0: Grounds into double play, 1-6-3 (Groundball, 13)
Top of the 2nd over - 1 run, 2 hits, 0 errors, 0 left on base; Georgetown 2 - North Carolina State 0
BOTTOM OF THE 2ND
North Carolina State Wolfpack batting - Pitching for Georgetown Hoyas : LHP Gilbert Robinson
Batting: LHB Ramón Quintanilla 0-0: Swinging Strike
0-1: Swinging Strike
0-2: SINGLE (Groundball, 3D)
Batting: RHB Chris Curry 0-0: Ball
1-0: Called Strike
1-1: Ball
2-1: Ball
3-1: SINGLE (Groundball, 6) (infield hit)
Ramón Quintanilla to second
Batting: RHB Joe Davis 0-0: Ball
1-0: Foul Ball, location: 2F
1-1: Ball
2-1: Ball
3-1: SINGLE (Line Drive, 6MD)
Ramón Quintanilla to third
Chris Curry to second
Batting: SHB Mark Hendree 0-0: Ball
1-0: Ball
2-0: Called Strike
2-1: Foul Ball, location: 2F
2-2: Fly out, F7 (Flyball, 7LMF)
Runner from 3rd tags up, SCORES, no throw
Batting: LHB Garrett Roberson 0-0: Called Strike
0-1: Foul Ball, location: 2F
0-2: Ball
Wild Pitch!
Chris Curry to third
Joe Davis to second
1-2: Foul Ball, location: 2F
1-2: Strikes out swinging
Batting: LHB Trent Harper 0-0: Foul Ball, location: 2F
0-1: Ball
1-1: Ball
2-1: Ball
3-1: Base on Balls
Batting: LHB Steven Gregory 0-0: Called Strike
0-1: Ball
1-1: Called Strike
1-2: Foul Ball, location: 2F
1-2: Ball
2-2: Foul Ball, location: 2F
2-2: Ball
3-2: Base on Balls
Chris Curry scores
Joe Davis to third
Trent Harper to second
Batting: LHB Nick Henderson 0-0: Ball
1-0: Called Strike
1-1: Called Strike
1-2: Ball
2-2: Ball
3-2: Foul Ball, location: 2F
3-2: Foul Ball, location: 2F
3-2: Fly out, F3 (Line Drive, 34)
Bottom of the 2nd over - 2 runs, 3 hits, 0 errors, 3 left on base; Georgetown 2 - North Carolina State 2
TOP OF THE 3RD
Georgetown Hoyas batting - Pitching for North Carolina State Wolfpack : RHP Chris Crews
Batting: SHB Luis Garza 0-0: Called Strike
0-1: Ball
1-1: Hit by Pitch
Batting: RHB Vicente Correa 0-0: Called Strike
0-1: Called Strike
0-2: Ball
1-2: Foul Ball, location: 2F
1-2: Fly out, F1 (Line Drive, 13S)
Lined into DP, 1-3 (Line Drive, 13S)
Batting: LHB Robert Lucas 0-0: Called Strike
0-1: Ball
1-1: Ball
2-1: Ball
3-1: Foul Ball, location: 2F
3-2: Base on Balls
Batting: LHB Boyd Boone 0-0: Ball
1-0: Called Strike
1-1: Called Strike
1-2: Ground out 5-3 (Groundball, 56S)
Top of the 3rd over - 0 runs, 0 hits, 0 errors, 1 left on base; Georgetown 2 - North Carolina State 2
BOTTOM OF THE 3RD
North Carolina State Wolfpack batting - Pitching for Georgetown Hoyas : LHP Gilbert Robinson
Batting: RHB Ronald McMillan 0-0: Ball
1-0: Swinging Strike
1-1: Ball
2-1: Foul Ball, location: 2F
2-2: Ball
3-2: SINGLE (Groundball, 6MD)
Batting: LHB Ramón Quintanilla 0-0: 2-RUN HOME RUN (Flyball, 9D), Distance : 350 ft
Batting: RHB Chris Curry 0-0: Called Strike
0-1: Foul Ball, location: 2F
0-2: Strikes out swinging
Batting: RHB Joe Davis 0-0: SINGLE (Groundball, 56D)
Batting: SHB Mark Hendree 0-0: Fielders Choice at 2nd, 6-4 (Groundball, 6)
Batting: LHB Garrett Roberson 0-0: Ground out 6-3 (Groundball, 6M)
Bottom of the 3rd over - 2 runs, 3 hits, 0 errors, 1 left on base; Georgetown 2 - North Carolina State 4
TOP OF THE 4TH
Georgetown Hoyas batting - Pitching for North Carolina State Wolfpack : RHP Chris Crews
Batting: RHB Ben Bradley 0-0: Ball
1-0: Ball
2-0: Ball
3-0: Base on Balls
Batting: LHB Howard Pedrasa 0-0: Foul Ball, location: 2F
0-1: Ball
1-1: Called Strike
1-2: Strikes out swinging
Batting: RHB Andrew Wolf 0-0: Ball
1-0: Called Strike
1-1: Ball
2-1: Fly out, F8 (Flyball, 8RD)
Batting: LHB Doug Reed 0-0: Ball
1-0: Called Strike
1-1: Foul Ball, location: 2F
1-2: Strikes out swinging
Top of the 4th over - 0 runs, 0 hits, 0 errors, 1 left on base; Georgetown 2 - North Carolina State 4
BOTTOM OF THE 4TH
North Carolina State Wolfpack batting - Pitching for Georgetown Hoyas : LHP Gilbert Robinson
Batting: LHB Trent Harper 0-0: Called Strike
0-1: Ball
1-1: Fly out, F9 (Flyball, 9LSF)
Batting: LHB Steven Gregory 0-0: Ball
1-0: Ball
2-0: SINGLE (Flyball, 7S)
Batting: LHB Nick Henderson 0-0: Ball
1-0: Ball
2-0: Foul Ball, location: 2F
2-1: Foul Ball, location: 2F
2-2: Strikes out looking
Pitching: RHP Siméon Goupil
Batting: RHB Ronald McMillan 0-0: Ball
Throwing error on steal attempt, E2
Steven Gregory to third
1-0: Ball
2-0: Foul Ball, location: 2F
2-1: Foul Ball, location: 2F
2-2: Ball
3-2: Foul Ball, location: 2F
3-2: Ground out 6-3 (Groundball, 6)
Bottom of the 4th over - 0 runs, 1 hit, 1 error, 1 left on base; Georgetown 2 - North Carolina State 4
TOP OF THE 5TH
Georgetown Hoyas batting - Pitching for North Carolina State Wolfpack : RHP Chris Crews
Batting: SHB Tommy Goodman 0-0: Fly out, F9 (Flyball, 9D)
Batting: SHB Luis Garza 0-0: Called Strike
0-1: Ball
1-1: Ball
2-1: Ball
3-1: SINGLE (Line Drive, 6MD)
Pitching: RHP Shawn Shipe
Batting: RHB Vicente Correa 0-0: Ball
1-0: Ball
2-0: Fly out, F7 (Flyball, 7S)
Batting: LHB Robert Lucas 0-0: Called Strike
Luis Garza is caught stealing 2nd base
Top of the 5th over - 0 runs, 1 hit, 0 errors, 0 left on base; Georgetown 2 - North Carolina State 4
BOTTOM OF THE 5TH
North Carolina State Wolfpack batting - Pitching for Georgetown Hoyas : RHP Siméon Goupil
Batting: LHB Ramón Quintanilla 0-0: SOLO HOME RUN (Flyball, 9LD), Distance : 337 ft
Batting: RHB Chris Curry 0-0: Ball
1-0: SINGLE (Flyball, 89S)
Batting: RHB Joe Davis 0-0: Called Strike
0-1: Swinging Strike
0-2: Strikes out swinging
Batting: SHB Mark Hendree 0-0: Called Strike
0-1: Ball
1-1: SINGLE (Groundball, 34D)
Chris Curry to second
Runner from 2nd tries for 3rd, OUT!
Mark Hendree to second
Batting: LHB Garrett Roberson 0-0: Ball
1-0: Ball
2-0: Ball
3-0: Called Strike
3-1: Base on Balls
Batting: LHB Trent Harper 0-0: Ball
1-0: Ball
2-0: Called Strike
2-1: Called Strike
2-2: Foul Ball, location: 2F
2-2: Fly out, F4 (Popup, 34)
Bottom of the 5th over - 1 run, 3 hits, 0 errors, 2 left on base; Georgetown 2 - North Carolina State 5
TOP OF THE 6TH
Georgetown Hoyas batting - Pitching for North Carolina State Wolfpack : RHP Shawn Shipe
Batting: LHB Robert Lucas 0-0: Called Strike
0-1: Foul Ball, location: 2F
0-2: Ball
1-2: Strikes out looking
Batting: LHB Boyd Boone 0-0: Ball
1-0: Ball
2-0: Called Strike
2-1: Fly out, F4 (Flyball, 34D)
Batting: RHB Ben Bradley 0-0: Ball
1-0: Foul Ball, location: 2F
1-1: Ball
2-1: Ball
3-1: Called Strike
3-2: Ground out 4-3 (Groundball, 4)
Top of the 6th over - 0 runs, 0 hits, 0 errors, 0 left on base; Georgetown 2 - North Carolina State 5
BOTTOM OF THE 6TH
North Carolina State Wolfpack batting - Pitching for Georgetown Hoyas : RHP Siméon Goupil
Batting: LHB Steven Gregory 0-0: Called Strike
0-1: SINGLE (Flyball, 89S)
Batting: LHB Nick Henderson 0-0: Ball
1-0: SINGLE (Line Drive, 8LS)
Steven Gregory to second
Batting: RHB Ronald McMillan 0-0: Swinging Strike
0-1: Ball
1-1: Foul Ball, location: 2F
1-2: Ball
2-2: SINGLE (Line Drive, 4D)
Steven Gregory to third
Nick Henderson to second
Batting: LHB Ramón Quintanilla 0-0: Fly out, F6 (Popup, 56)
Batting: RHB Chris Curry 0-0: Ball
Wild Pitch!
Steven Gregory scores
Nick Henderson to third
Ronald McMillan to second
1-0: Ball
2-0: Fly out, F3 (Line Drive, 3)
Batting: RHB Joe Davis 0-0: Called Strike
0-1: Ball
1-1: Foul Ball, location: 2F
1-2: Ball
2-2: Ball
3-2: Base on Balls
Batting: SHB Mark Hendree 0-0: Ball
1-0: Ball
2-0: Ball
3-0: Called Strike
3-1: Base on Balls
Nick Henderson scores
Ronald McMillan to third
Joe Davis to second
Batting: LHB Garrett Roberson 0-0: Ball
1-0: Fly out, F8 (Line Drive, 8LS)
Bottom of the 6th over - 2 runs, 3 hits, 0 errors, 3 left on base; Georgetown 2 - North Carolina State 7
TOP OF THE 7TH
Georgetown Hoyas batting - Pitching for North Carolina State Wolfpack : RHP Shawn Shipe
Batting: LHB Howard Pedrasa 0-0: Called Strike
0-1: Ball
1-1: SINGLE (Line Drive, 7LM)
Batting: RHB Andrew Wolf 0-0: Hit by Pitch
Howard Pedrasa to second
Batting: LHB Doug Reed 0-0: Called Strike
0-1: Ball
1-1: Ball
2-1: Called Strike
2-2: Ball
3-2: Base on Balls
Howard Pedrasa to third
Andrew Wolf to second
Batting: SHB Tommy Goodman 0-0: Foul Ball, location: 2F
0-1: Ball
1-1: Ball
2-1: Ball
3-1: Foul Ball, location: 2F
3-2: Base on Balls
Howard Pedrasa scores
Andrew Wolf to third
Doug Reed to second
Batting: SHB Luis Garza 0-0: Fly out, F6 (Line Drive, 6M)
Batting: RHB Vicente Correa 0-0: Foul Ball, location: 2F
0-1: Foul Ball, location: 2F
0-2: Foul Ball, location: 2F
0-2: Foul Ball, location: 2F
0-2: Fly out, F4 (Line Drive, 4M)
Pitching: LHP Michael Turner
Batting: LHB Robert Lucas 0-0: Fly out, F7 (Flyball, 78M)
Top of the 7th over - 1 run, 1 hit, 0 errors, 3 left on base; Georgetown 3 - North Carolina State 7
BOTTOM OF THE 7TH
North Carolina State Wolfpack batting - Pitching for Georgetown Hoyas : RHP Siméon Goupil
Pitching: LHP Jude Maddox
Batting: LHB Trent Harper 0-0: Foul Ball, location: 2F
0-1: Ball
1-1: Foul Ball, location: 2F
1-2: Strikes out swinging
Batting: LHB Steven Gregory 0-0: Called Strike
0-1: Ball
1-1: Ball
2-1: SINGLE (Flyball, 9LS)
Batting: LHB Nick Henderson 0-0: Called Strike
0-1: Ball
1-1: Called Strike
1-2: Ball
2-2: SINGLE (Line Drive, 8RS)
Steven Gregory to second
Batting: RHB Ronald McMillan 0-0: Ball
Wild Pitch!
Steven Gregory to third
Nick Henderson to second
1-0: Intentional Walk
Batting: LHB Ramón Quintanilla 0-0: Ball
1-0: Ball
2-0: Ball
3-0: Base on Balls
Steven Gregory scores
Nick Henderson to third
Ronald McMillan to second
Batting: RHB Chris Curry 0-0: Foul Ball, location: 2F
0-1: Ball
1-1: Ball
2-1: Ball
3-1: Base on Balls
Nick Henderson scores
Ronald McMillan to third
Ramón Quintanilla to second
Batting: RHB Joe Davis 0-0: Ball
1-0: Called Strike
1-1: Ball
2-1: Ball
3-1: Called Strike
3-2: Strikes out swinging
Batting: SHB Mark Hendree 0-0: Called Strike
0-1: Swinging Strike
0-2: Ball
1-2: Ball
2-2: Strikes out swinging
Bottom of the 7th over - 2 runs, 2 hits, 0 errors, 3 left on base; Georgetown 3 - North Carolina State 9
TOP OF THE 8TH
Georgetown Hoyas batting - Pitching for North Carolina State Wolfpack : LHP Michael Turner
Batting: LHB Boyd Boone 0-0: Ball
1-0: Swinging Strike
1-1: Ball
2-1: Reached on error, E4 (Groundball, 4D)
Pitching: RHP Travis Buck
Batting: RHB Ben Bradley 0-0: Called Strike
0-1: Ball
1-1: Swinging Strike
1-2: Strikes out swinging
Batting: LHB Howard Pedrasa 0-0: Foul Ball, location: 2F
0-1: Fly out, F6 (Popup, 6MD)
Batting: RHB Andrew Wolf 0-0: Foul Ball, location: 2F
0-1: Ball
1-1: Foul Ball, location: 2F
1-2: Ball
2-2: Ball
3-2: Base on Balls
Batting: LHB Doug Reed 0-0: Ball
1-0: Called Strike
1-1: Called Strike
1-2: Foul Ball, location: 2F
1-2: Strikes out looking
Top of the 8th over - 0 runs, 0 hits, 1 error, 2 left on base; Georgetown 3 - North Carolina State 9
BOTTOM OF THE 8TH
North Carolina State Wolfpack batting - Pitching for Georgetown Hoyas : LHP Jude Maddox
Batting: LHB Garrett Roberson 0-0: Called Strike
0-1: Ball
1-1: Fly out, F6 (Popup, 6)
Batting: LHB Trent Harper 0-0: Ball
1-0: Called Strike
1-1: Called Strike
1-2: SOLO HOME RUN (Flyball, 9D), Distance : 350 ft
Batting: LHB Steven Gregory 0-0: Called Strike
0-1: Ball
1-1: Foul Ball, location: 2F
1-2: Ball
2-2: Strikes out looking
Batting: LHB Nick Henderson 0-0: Called Strike
0-1: Ground out 6-3 (Groundball, 6M)
Bottom of the 8th over - 1 run, 1 hit, 0 errors, 0 left on base; Georgetown 3 - North Carolina State 10
TOP OF THE 9TH
Georgetown Hoyas batting - Pitching for North Carolina State Wolfpack : RHP Travis Buck
Batting: SHB Tommy Goodman 0-0: Called Strike
0-1: Ground out 4-3 (Groundball, 4)
Batting: SHB Luis Garza 0-0: Ball
1-0: Called Strike
1-1: Ball
2-1: Ball
3-1: Called Strike
3-2: Strikes out swinging
Batting: RHB Vicente Correa 0-0: Called Strike
0-1: Foul Ball, location: 2F
0-2: Ball
1-2: Ball
2-2: Ball
3-2: Base on Balls
Batting: LHB Robert Lucas 0-0: Called Strike
0-1: Ball
1-1: Foul Ball, location: 2F
1-2: Ball
2-2: Ball
3-2: Foul Ball, location: 2F
3-2: Base on Balls
Vicente Correa to second
Batting: LHB Boyd Boone 0-0: Foul Ball, location: 2F
0-1: Ball
1-1: Ball
2-1: 3-RUN HOME RUN (Flyball, 9LD), Distance : 318 ft
Pitching: LHP Brian Armstrong
Batting: RHB Ben Bradley 0-0: Called Strike
0-1: Ball
1-1: Ball
2-1: Ball
3-1: Foul Ball, location: 2F
3-2: Foul Ball, location: 2F
3-2: Strikes out swinging
Top of the 9th over - 3 runs, 1 hit, 0 errors, 0 left on base; Georgetown 6 - North Carolina State 10
Saturday, April 7th, 2018 - OOTP Baseball 18.8 Build 76